 Dungeon Crawl Stone Soup version 0.18.1-48-g4cf74bf (webtiles) character file.

254 Gargoyl the Covered (level 5, 0/42 HPs)
             Began as a Demonspawn Abyssal Knight on Sept 2, 2016.
             Was a Priest of Lugonu.
             Slain by Robin
             ... wielding a +3 spear of venom
              (1 damage)
             ... on level 3 of the Dungeon.
             The game lasted 00:06:01 (2912 turns).

Gargoyl the Covered (Demonspawn Abyssal Knight)     Turns: 2912, Time: 00:06:01

Health: 0/42       AC: 13    Str: 13    XL:     5   Next: 91%
Magic:  7/7        EV:  4    Int: 14    God:    Lugonu [***...]
Gold:   155        SH:  0    Dex: 12    Spells: 0 memorised, 4 levels left

rFire  . . .     SeeInvis .     a - +1 hand axe
rCold  . . .     Gourm    .     e - +0 plate armour
rNeg   . . .     Faith    +     (no shield)
rPois  .         Spirit   .     (no helmet)
rElec  .         Dismiss  .     o - +0 cloak
rCorr  .         Reflect  .     (no gloves)
SustAt .         Harm     .     (no boots)
MR     .....                    i - amulet of faith
Stlth  ..........               s - ring of stealth
                                k - ring of flight

@: lethally poisoned (0 -> -29), not resistant to hostile enchantments,
extremely unstealthy
A: powered by death 1
a: Depart the Abyss, Bend Space, Banish, Renounce Religion, Evoke Flight


You were on level 3 of the Dungeon.
You worshipped Lugonu.
Lugonu was most pleased with you.
You were not hungry.

You visited 1 branch of the dungeon, and saw 4 of its levels.
You visited the Abyss 1 time.
You also visited: Ossuary.

You collected 155 gold pieces.

Inventory:

Hand Weapons
 a - a +1 hand axe (weapon)
Armour
 e - a +0 plate armour (worn)
 o - a +0 cloak (worn)
Jewellery
 i - an amulet of faith (around neck)
 k - a ring of flight (left hand)
 s - a ring of stealth (right hand)
Scrolls
 j - 3 scrolls of identify {unknown}
 m - 4 scrolls of remove curse
 q - a scroll of teleportation
 r - a scroll of fear {unknown}
 t - 3 scrolls of amnesia {unknown}
 w - a scroll of noise {unknown}
 x - a scroll of enchant weapon {unknown}
Potions
 b - a potion of flight {unknown}
 d - a potion of haste {unknown}
 f - 2 potions of curing
 g - a potion of degeneration {unknown}
 h - 2 potions of cancellation {unknown}
 l - a potion of cure mutation {unknown}
 n - a potion of berserk rage {unknown}
 v - a potion of heal wounds {unknown}
 z - a potion of beneficial mutation {unknown}
Comestibles
 c - 4 bread rations
 p - a meat ration
 u - 2 beef jerkies
 A - 2 chunks of flesh


   Skills:
 + Level 4.1 Fighting
 + Level 2.5 Axes
 * Level 4.3 Armour
 + Level 1.3 Dodging
 + Level 3.0 Invocations


You had 4 spell levels left.
You didn't know any spells.

Dungeon Overview and Level Annotations

Branches:
Dungeon (4/15)             Temple (0/1) D:4

Altars:
Ashenzari
Cheibriados
Dithmenos
Okawaru
The Shining One

Annotations:
D:3 Robin


Innate Abilities, Weirdness & Mutations

You regenerate a little health from kills.


Message History

You are more poisoned.
The hobgoblin hits you but does no damage.
You hit Robin.
Robin is heavily wounded.
You closely miss the hobgoblin.
The hobgoblin is heavily wounded.
* * * LOW HITPOINT WARNING * * *
You feel extremely sick. Robin hits you but does no damage.
You are more poisoned.
The hobgoblin hits you.
* * * LOW HITPOINT WARNING * * *
You closely miss Robin.
Robin is heavily wounded.
You closely miss the hobgoblin.
The hobgoblin is heavily wounded.
* * * LOW HITPOINT WARNING * * *
You feel extremely sick. Robin hits you with a spear of venom.
You die...

#######.#.#.#.#
#.#.#.#.# #.#)#.#..
################.#.#.###
#................#.#..
#.################.###
#.# ##.........
#.########....# #..
#....()@gg..# ###
#######g###.# ..... ...
##....###... ##..##
...g. ..♣. #### ♣...♣
♣♣.♣♣


You could see Robin and 2 hobgoblins.

Vanquished Creatures
  2 howler monkeys (D:4)
  A worker ant (D:4)
  A howler monkey skeleton (D:3)
  2 adders (D:3)
  3 gnolls (D:2)
  An ooze (D:1)
  An adder skeleton (D:4)
  3 worms (D:2)
  A giant gecko (D:2)
  7 goblins
  11 hobgoblins
  15 jackals
  3 quokkas
  9 bats
  5 giant newts
  4 hobgoblin zombies (Ossuary)
  4 kobolds
  3 kobold zombies (Ossuary)
  4 rats
80 creatures vanquished.

Vanquished Creatures (others)
  A lurking horror (Abyss:1)
1 creature vanquished.

Grand Total: 81 creatures vanquished

Notes
Turn   | Place    | Note
--------------------------------------------------------------
     0 | Abyss:1  | Gargoyl the Demonspawn Abyssal Knight began the quest for the Orb.
     0 | Abyss:1  | Reached XP level 1. HP: 18/18 MP: 2/2
    31 | Abyss:1  | Found an opulent altar of Gozag.
   259 | Abyss:1  | Noticed a giant orange brain
   281 | Abyss:1  | Noticed a bone dragon
   286 | D:1      | Escaped the Abyss
   384 | D:1      | Reached skill level 1 in Dodging
   449 | D:1      | Reached * piety under Lugonu
   463 | D:1      | Gained mutation: You regenerate a little health from kills. [demonic ancestry]
   463 | D:1      | Reached XP level 2. HP: 24/24 MP: 4/4
   937 | D:2      | Reached XP level 3. HP: 24/29 MP: 5/5
   996 | D:2      | Found an iron altar of Okawaru.
  1069 | D:2      | Reached ** piety under Lugonu
  1628 | D:2      | Reached XP level 4. HP: 26/37 MP: 6/6
  1693 | D:2      | You fall through a shaft for 2 floors!
  1815 | D:4      | Found a sand-covered staircase.
  1826 | Ossuary  | Entered an ossuary
  2175 | D:4      | Reached XP level 5. HP: 38/42 MP: 7/7
  2202 | D:4      | Reached *** piety under Lugonu
  2229 | D:4      | Found a snail-covered altar of Cheibriados.
  2252 | D:3      | Found a shattered altar of Ashenzari.
  2348 | D:3      | Found a shadowy altar of Dithmenos.
  2352 | D:3      | Found a glowing golden altar of the Shining One.
  2884 | D:3      | Noticed Robin
  2912 | D:3      | HP: 1/42 [poisoned by Robin]
  2912 | D:3      | Slain by Robin

Skill      XL: |  1  2  3  4  5 |
---------------+----------------+-----
Dodging        | 1 |  1.3
Armour         | 2 3 4 |  4.3
Invocations    | 3 |  3.0
Axes           | 2 |  2.5
Fighting       | 4 |  4.1

Action                   |  1- 3 |  4- 6 || total
-------------------------+-------+-------++-------
Melee: Hand axe          |   169 |   178 ||   347
Invok: Depart the Abyss  |     1 |       ||     1
  Use: Scroll            |       |     4 ||     4
       Potion            |       |     1 ||     1
  Eat: Chunk             |     3 |     4 ||     7
Armor: Plate armour      |   174 |   238 ||   412
Dodge: Dodged            |    41 |    57 ||    98
